 Dungeon Crawl Stone Soup version 0.31-a0-1522-g43313d8a59 (webtiles) character file.

Game seed: 11921109365443138157

254 Curundu the Poker (level 5, -1/48 HPs)
             Began as a Minotaur Berserker on Dec 30, 2023.
             Was a Priest of Trog.
             Slain by a gnoll
             ... wielding a +0 spear
             ... led by a gnoll bouda
              (6 damage)
             ... on level 4 of the Dungeon.
             The game lasted 00:06:51 (2503 turns).

Curundu the Poker (Minotaur Berserker)              Turns: 2503, Time: 00:06:52

Health: -1/48      AC:  7    Str: 24    XL:     5   Next: 91%
Magic:  4/4        EV: 11    Int:  4    God:    Trog [***...]
Gold:   126        SH:  0    Dex:  9    Spells: 4/4 levels left

rFire   . . .        a - +0 spear
rCold   . . .        (no shield)
rNeg    . . .        j - +0 scale mail
rPois   .            (helmet restricted)
rElec   .            (no cloak)
rCorr   .            (no gloves)
SInv    .            (no boots)
Will    .....        (no amulet) Stlth
                     (no ring)
HPRegen 0.28/turn    (no ring)
MPRegen 0.09/turn

%: no passive effects
@: no status effects
A: horns 2, retaliatory headbutt
a: Renounce Religion, Berserk, Trog's Hand


You were on level 4 of the Dungeon.
You worshipped Trog.
Trog was most pleased with you.
You visited 1 branch of the dungeon, and saw 4 of its levels.

You collected 126 gold pieces.

Inventory:

Hand Weapons
 a - a +0 spear (weapon)
Missiles
 l - 2 poisoned darts
Armour
 f - a +0 ring mail
 j - a +0 scale mail (worn)
Jewellery
 c - a ring of ice
Wands
 e - a wand of charming (11)
Scrolls
 g - a scroll of fog {unknown}
 i - a scroll of identify {unknown}
 k - a scroll of amnesia {unknown}
Potions
 b - a potion of attraction {unknown}
 d - a potion of curing {unknown}
 h - a potion of enlightenment {unknown}


   Skills:
 + Level 5.2 Fighting
 + Level 5.4 Polearms
 + Level 3.8 Armour
 + Level 3.6 Dodging


You had 4 spell levels left.
You didn't know any spells.
Your spell library was empty.

Dungeon Overview and Level Annotations

Branches:
Dungeon (4/15)
 Temple: D:4-7

Altars:

Shops:
D:1 (


Innate Abilities, Weirdness & Mutations

You have a pair of horns on your head.
You reflexively headbutt those who attack you in melee.


Message History

You hit the gnoll bouda but do no damage.
The gnoll bouda is heavily wounded.
The gnoll hits you from afar with a +0 spear.
The gnoll bouda hits you with a +0 whip.
You hit the gnoll bouda.
The gnoll bouda is severely wounded.
The gnoll hits you but does no damage.
You barely miss the gnoll bouda. You headbutt the gnoll bouda.
The gnoll bouda is severely wounded.
The gnoll bouda misses you. The gnoll barely misses you.
You hit the gnoll bouda.
You kill the gnoll bouda!
Trog accepts your kill.
Your Fighting skill increases to level 5!
You hit the gnoll but do no damage.
The gnoll hits you from afar with a +0 spear.
The gnoll hits you with a +0 flail.
You hit the gnoll but do no damage. Your headbutt misses the gnoll.
The gnoll closely misses you. The gnoll hits you with a +0 flail.
You hit the gnoll. Your headbutt misses the gnoll.
The gnoll is lightly wounded.
The gnoll misses you. The gnoll hits you with a +0 flail!
* * * LOW HITPOINT WARNING * * *
You hit the gnoll.
The gnoll is moderately wounded.
The gnoll hits you from afar with a +0 spear.
* * * LOW HITPOINT WARNING * * *
The gnoll barely misses you.
You puncture the gnoll! Your headbutt misses the gnoll.
The gnoll is almost dead.
The gnoll is no longer moving quickly.
The gnoll hits you from afar with a +0 spear.
* * * LOW HITPOINT WARNING * * *
You hit the gnoll but do no damage. Your headbutt misses the gnoll.
The gnoll is almost dead.
The gnoll closely misses you. You furiously retaliate!
You headbutt the gnoll!
You kill the gnoll!
Trog accepts your kill.
Found a scroll labelled KEVVUXESUA.
The gnoll hits you with a +0 spear.
You die...

#.#........#.
#.#.......)..
#.#..<.......
#........#...
#..#####.# .
#######..# .# ?..
........## #.#....
.#####..#####.......
#>.....@g......
########g......
g...... .##..## .#
..# .. .. ## #


You could see 3 gnolls.

Vanquished Creatures
  A bombardier beetle (D:3)
  A gnoll bouda (D:4)
  A sleepcap (D:3)
  Natasha (twice) (D:2)
  2 gnolls
  4 adders
  A dart slug (D:2)
  2 ribbon worms (D:3)
  6 ball pythons
  6 endoplasms
  3 giant cockroaches
  4 hobgoblins
  4 jackals (D:1)
  6 quokkas
  3 bats
  A frilled lizard (D:3)
  7 goblins
  4 kobolds
  6 rats
  A spectral hobgoblin (D:1)
65 creatures vanquished.

Notes
Turn   | Place    | Note
-------+----------+-------------------------------------------
     0 | D:1      | Curundu the Minotaur Berserker began the quest for the Orb.
     0 | D:1      | Reached XP level 1. HP: 19/19 MP: 0/0
   182 | D:1      | Reached XP level 2. HP: 27/27 MP: 1/1
   333 | D:1      | HP: 1/27 [quokka (4)]
   607 | D:1      | Found a faded altar of an unknown god.
   614 | D:1      | Reached ** piety under Trog
   644 | D:1      | Found Zomal's Antique Weapon Boutique.
   831 | D:2      | Reached XP level 3. HP: 29/33 MP: 2/2
  1130 | D:2      | Noticed Natasha
  1139 | D:2      | Killed Natasha
  1140 | D:2      | Reached XP level 4. HP: 28/40 MP: 3/3
  1142 | D:2      | Reached skill level 5 in Polearms
  1751 | D:2      | Noticed Natasha
  1758 | D:2      | Killed Natasha
  2003 | D:3      | Reached XP level 5. HP: 47/47 MP: 4/4
  2300 | D:3      | Reached *** piety under Trog
  2497 | D:4      | Reached skill level 5 in Fighting
  2503 | D:4      | Slain by a gnoll

Illustrated notes

Levels and vault maps discovered:
D:1:      lemuel_arrival_rhombus, layout_loops_ring,
          dreamdust_ecumenical_altar_drowned_temple, serial_shops, shop
D:2:      layout_loops_ring, serial_glass, glass_columns_a, glass_columns_a,
          uniq_natasha
D:3:      kb_forest_paths, layout_loops_corners
D:4:      layout_basic, lemuel_temple_firewalk_a, serial_park_tiny_pond

Skill      XL: |  1  2  3  4  5 |
---------------+----------------+-----
Polearms       | 4 5 |  5.4
Fighting       | 4 5 |  5.2
Dodging        | 3 |  3.6
Armour         | 3 |  3.8

Action                     |  1- 3 |  4- 6 || total
---------------------------+-------+-------++-------
  Melee: Spear             |    99 |    83 ||   182
         Headbutt          |    15 |    17 ||    32
 Armour: Animal skin       |    39 |       ||    39
         Ring mail         |    13 |    16 ||    29
         Scale mail        |       |    36 ||    36
  Dodge: Dodged            |    71 |    40 ||   111

Table legend: (Time is in decaauts)
 A = Elapsed time spent in this place.
 B = Non-inter-level travel time spent in this place.
 C = Inter-level travel time spent in this place.
 D = Time resting spent in this place.
 E = Time spent auto-exploring this place.
 F = Levels seen in this place.
 G = Mean time per level.
                   A        B        C        D        E       F      G
               +--------+--------+--------+--------+--------+-----+--------+
         Total |   2482 |   2482 |      0 |      0 |   1812 |   4 |  620.5 |
       Dungeon |   2482 |   2482 |      0 |      0 |   1812 |   4 |  620.5 |
               +--------+--------+--------+--------+--------+-----+--------+

Top non-repeatable levels by time:
     D:2: 1063 daAuts
     D:1: 816 daAuts
     D:3: 567 daAuts
     D:4: 35 daAuts
